[Event "Hungarian U20 Junior-ch Men 2024"]
[Site "Budapest"]
[Date "2024.03.19"]
[Round "9.1"]
[White "Palczert, Matyas"]
[Black "Karacsonyi, Gellert"]
[Result "0-1"]
[ECO "A14"]
[WhiteElo "2297"]
[BlackElo "2386"]
[Annotator "TA"]
[PlyCount "96"]
[EventDate "2024.03.10"]
[EventType "tourn"]
[EventCountry "HUN"]
[SourceTitle "playchess.com"]
[Source "ChessBase"]
[SourceQuality "1"]
[TimeControl "40/5400+30:1800+30"]

1. c4 e6 2. Nf3 d5 3. g3 Nf6 4. Bg2 Be7 5. O-O O-O 6. d4 c6 7. Nc3 a5 8. b3 b6 9. Bb2 Ba6 10. Nd2 b5 11. c5 b4 {[%emt 0:00:24] The position is equal.} 12. Na4 Nbd7 13. Re1 Qc7 14. Qc2 Bb5 15. Rac1 Rfe8 16. e3 Bf8 17. f4 g6 18. h3 Bg7 19. Bf3 Kh8 20. Ba1 ({White should try} 20. Nf1 $11) 20... Ng8 (20... g5 $15) 21. Nb2 f6 (21... Ne7 $15) 22. Bg2 e5 23. dxe5 fxe5 24. Nd3 Bxd3 25. Qxd3 e4 26. Bxg7+ Kxg7 27. Qd4+ Ngf6 28. g4 {[%emt 0:01:41] [#]} Kg8 $1 29. Nf1 Qd8 ({Black should play} 29... Re7 $17) 30. Ng3 Nf8 31. Qb2 N6d7 {[%emt 0:00:32] White is now going downhill.} 32. Ne2 Ne6 33. Nd4 Qf6 34. g5 Qg7 {[%emt 0:00:06] And now ...Nxd4 would win.} 35. Qd2 (35. Red1 $17) 35... Nxd4 $19 (35... Ndxc5 36. Nxe6 (36. Nxc6 Nd3 $17) 36... Nxe6 37. h4 $17 (37. Rxc6 Rad8 $11)) (35... Nexc5 36. Bf1 (36. Nxc6 Nd3 $11) 36... Rac8 37. h4 $11) 36. Qxd4 Qxd4 37. exd4 {[%emt 0:00:06] [#]} Nf8 $1 38. Kf2 Ne6 39. Ke3 Rf8 40. Rf1 Ng7 41. Rfd1 Ra7 ({Don't do} 41... Nf5+ 42. Kf2 $19) 42. Rc2 Nf5+ 43. Kf2 Raf7 44. Bf1 Ng7 45. Be2 (45. Kg1 {was worth a try.}) 45... Rxf4+ 46. Ke3 Rf2 47. Rdc1 R8f4 {[%emt 0:00:26] ( -> ...Nf5+)} 48. Bg4 Nf5+ {[%emt 0:00:07] Weighted Error Value: White=0.68/Black=0.14 (very precise) .  Mistake:       	White=3     	Black=3      Inaccurate:     	White=10    	Black=3      OK:         	White=9     	Black=15     Best:        	White=1     	Black=3      Strong:       	---       	Black=2} 0-1

[Event "Hungarian U20 Junior-ch Men 2024"]
[Site "Budapest"]
[Date "2024.03.19"]
[Round "9.2"]
[White "Tancsa, Tamas"]
[Black "Bodrogi, Bendeguz"]
[Result "1/2-1/2"]
[ECO "B10"]
[WhiteElo "2273"]
[BlackElo "2316"]
[Annotator "TA"]
[PlyCount "60"]
[EventDate "2024.03.10"]
[EventType "tourn"]
[EventCountry "HUN"]
[SourceTitle "playchess.com"]
[Source "ChessBase"]
[SourceQuality "1"]
[TimeControl "40/5400+30:1800+30"]

1. e4 c6 2. Nf3 d5 3. d3 dxe4 4. dxe4 Qxd1+ 5. Kxd1 Nf6 6. Nfd2 h5 7. h4 Ng4 8. Ke1 {[%emt 0:00:04] White has an edge.} g6 9. a4 Bh6 10. Nc3 Be6 11. Nc4 Bxc1 12. Rxc1 Nd7 13. b3 a5 14. Be2 Bxc4 15. Bxc4 e5 16. Rd1 {[%emt 0:01:17][%cal Oc4f7] [#] aiming for Bxf7+!} Nb6 17. Be2 {[%emt 0:06:17] The position is equal.} Nf6 18. f3 Ke7 19. Kf2 Rad8 20. Ke3 Nfd7 21. Rd2 Nc5 22. Rhd1 Rxd2 23. Rxd2 Ne6 24. Bd3 Rd8 25. g3 Rd6 26. f4 Nd7 27. Nd1 Nf6 {[%emt 0:01:13] [#] Strongly threatening ...Ng4+.} 28. Nf2 Rd8 29. Rd1 Nc5 30. Be2 Rxd1 {[%emt 0:00:08] Not much happened in this game.   Weighted Error Value: White=0.05 (flawless) /Black=0.05 (flawless) .  Inaccurate:     	---       	Black=1      OK:         	White=12    	Black=9} 1/2-1/2

[Event "Hungarian U20 Junior-ch Men 2024"]
[Site "Budapest"]
[Date "2024.03.19"]
[Round "9.3"]
[White "Pasti, Aron"]
[Black "Kolimar, Kristof Pal"]
[Result "0-1"]
[ECO "B90"]
[WhiteElo "2373"]
[BlackElo "2282"]
[Annotator "TA"]
[PlyCount "86"]
[EventDate "2024.03.10"]
[EventType "tourn"]
[EventCountry "HUN"]
[SourceTitle "playchess.com"]
[Source "ChessBase"]
[SourceQuality "1"]
[TimeControl "40/5400+30:1800+30"]

1. e4 c5 2. Nf3 d6 3. d4 cxd4 4. Nxd4 Nf6 5. Nc3 a6 6. a4 g6 7. Be2 Bg7 8. O-O O-O 9. Be3 Nc6 10. Nxc6 bxc6 11. a5 Nd7 12. Bd4 Bh6 13. Na4 c5 {[%emt 0:01:00] White is slightly better.} 14. Bc3 Bb7 15. f3 ({Better is} 15. Bg4 $14) 15... Bc6 16. Bc4 Qb8 17. Ra3 Bg7 18. Qe2 Bxc3 19. Nxc3 Qa7 (19... Qxb2 $2 20. Rb3 $18) 20. f4 Rab8 21. Kh1 (21. b3 $1 $16) 21... Rxb2 $11 22. Bxa6 e6 23. Bc4 Nb6 24. Bb3 c4 $1 25. Bxc4 (25. axb6 Qxa3 26. Qxc4 Qc5 27. Qxc5 dxc5 $14) 25... Nxc4 26. Qxc4 Rc8 {[%emt 0:01:02][%cal Oc6b7] aiming for ...Bb7!} 27. Qd3 Qc5 28. Raa1 (28. Na4 $11 Bxa4 (28... Qxa5 $2 29. Nxb2 Qb4 30. Nc4 $18) 29. Rxa4) 28... d5 {[%emt 0:06:42] Black has more active pieces.} (28... Rb4 $15 29. Rf3 d5) 29. exd5 exd5 {[%emt 0:00:05] Hoping for ...d4.} 30. Rfd1 d4 31. Qxd4 ({White must play} 31. Ne4 $15 Qxc2 32. Qxc2 Rxc2 33. Nd2) 31... Bxg2+ $1 $19 32. Kxg2 (32. Kg1 {is a better defense.} Rxc2 (32... Qxc3 33. Qxc3 Rxc3 34. Kxg2 $17) 33. Qxc5 Rxc5 34. Rd3 (34. Rdc1 $2 R5xc3 35. Rxc2 Rxc2 $19)) 32... Rxc2+ 33. Kg1 Qh5 (33... Qxd4+ 34. Rxd4 R8xc3 35. Rda4 $11) 34. Rd2 Qg4+ (34... R2xc3 35. Rf1) 35. Kh1 Qf3+ ({Don't play} 35... R8xc3 36. Re1 Rc1 37. Qe5 Rxe1+ 38. Qxe1) (35... R2xc3 36. Rf1) (35... Rxd2 36. Qxd2 Qf3+ 37. Kg1 Rxc3 38. a6 $11) 36. Kg1 R2xc3 ({Don't do} 36... R8xc3 37. Re1 Rc1 38. Qe5 Qg4+ 39. Kh1 Rxe1+ 40. Qxe1) 37. Rf1 (37. Re1) 37... Rc1 38. Rdf2 Qg4+ 39. Kh1 Rxf1+ 40. Rxf1 {[%emt 0:00:00] [#]} Rc2 $1 41. Qd8+ Kg7 42. Qd4+ {[%emt 0:00:01] [#]} f6 $1 43. Qg1 {[%emt 0:00:07] Repels Qg2+} Qe2 {[%emt 0:00:10] Weighted Error Value: White=0.56/Black=0.08 (flawless) .  Mistake:       	White=6     	Black=1      Inaccurate:     	White=3     	Black=2      OK:         	White=11    	Black=8      Best:        	White=2     	Black=3      Strong:       	---       	Black=2} 0-1

[Event "Hungarian U20 Junior-ch Men 2024"]
[Site "Budapest"]
[Date "2024.03.19"]
[Round "9.4"]
[White "Gombocz, Ferenc Jr."]
[Black "Juhasz, Agoston"]
[Result "1/2-1/2"]
[ECO "D02"]
[WhiteElo "2351"]
[BlackElo "2406"]
[Annotator "TA"]
[PlyCount "61"]
[EventDate "2024.03.10"]
[EventType "tourn"]
[EventCountry "HUN"]
[SourceTitle "playchess.com"]
[Source "ChessBase"]
[SourceQuality "1"]
[TimeControl "40/5400+30:1800+30"]

1. d4 Nf6 2. Nf3 d5 3. Bf4 c5 4. e3 e6 5. c3 Qb6 6. Qb3 Bd7 7. Nbd2 Bc6 8. Be2 Nbd7 {[%emt 0:00:10] The position is equal.} 9. h3 Be7 10. O-O O-O 11. Ne5 Nxe5 12. Bxe5 Rfc8 13. Bh2 Be8 14. Qxb6 axb6 15. a3 Bd8 16. Bd3 Bc6 17. Nf3 Bc7 18. Bxc7 Rxc7 19. Ne5 Ne8 20. f4 Nd6 21. g4 f6 22. Nf3 Bb5 23. Bxb5 Nxb5 24. Rae1 Nd6 25. Rf2 Re8 26. Rg2 Kf7 27. Ree2 Rd7 28. Nd2 Kg8 29. Nf3 Kf7 30. Nd2 Kg8 31. Nf3 {[%emt 0:00:36] Not much happened in this game.   Weighted Error Value: White=0.04 (flawless) /Black=0.04 (flawless) .  Inaccurate:     	White=1     	Black=1      OK:         	White=11    	Black=9      Best:        	---       	Black=1} 1/2-1/2

[Event "Hungarian U20 Junior-ch Men 2024"]
[Site "Budapest"]
[Date "2024.03.19"]
[Round "9.5"]
[White "Szikszai, Bertalan"]
[Black "Pasztor, Balazs"]
[Result "0-1"]
[ECO "A06"]
[WhiteElo "2312"]
[BlackElo "2406"]
[Annotator "TA"]
[PlyCount "96"]
[EventDate "2024.03.10"]
[EventType "tourn"]
[EventCountry "HUN"]
[SourceTitle "playchess.com"]
[Source "ChessBase"]
[SourceQuality "1"]
[TimeControl "40/5400+30:1800+30"]

1. Nf3 d5 2. b3 Nf6 3. Bb2 e6 4. g3 c5 5. Bg2 Be7 6. O-O O-O 7. c4 d4 8. e3 Nc6 9. exd4 cxd4 10. Re1 Rb8 {[%emt 0:01:59] A14: English Opening: 1...e6 with b3 by White.} 11. d3 b6 $146 ({Predecessor:} 11... Re8 12. a3 b5 13. Nbd2 a6 14. cxb5 axb5 15. Rc1 Bb7 16. b4 Bf8 17. Nb3 e5 18. Nfd2 {0-1 Sowinski,P (2041)-Sadzikowski,D (2527) POL-chT Ekstraliga 2021 (3.2)}) 12. a3 a5 13. Nbd2 Bb7 14. Qc2 Re8 15. Re2 Bc5 16. Rae1 Qd6 17. Qc1 h6 18. h3 e5 19. Nh4 g6 20. Qa1 Kh7 21. Bc1 Rbd8 22. Qa2 Qc7 23. Ne4 Nxe4 24. Bxe4 Bf8 25. Bg2 Qd7 26. Kh2 f5 (26... Re7 $15) 27. Qd2 $11 Qf7 {[%emt 0:05:11] [#]} (27... g5 28. Nxf5 Ne7 (28... Qxf5 $2 29. Be4 $18) 29. Nxe7 Rxe7 30. Rf1 $16 (30. Rxe5 Rxe5 31. Rxe5 Bg7 $18)) (27... Re7 $11) 28. b4 $2 (28. f4 $1 $14 {stays ahead.}) 28... axb4 $17 29. axb4 Bg7 (29... e4 $1 $15 30. dxe4 g5 31. exf5 (31. Nxf5 $2 d3 $19) 31... Rxe2 (31... gxh4 32. Re6 $16) (31... Bxb4 32. Qd3 $15) 32. Rxe2 d3 (32... gxh4 33. Re6 $14)) 30. Nf3 e4 $1 31. dxe4 fxe4 32. Rxe4 Rxe4 33. Rxe4 Qxc4 $2 (33... Nxb4 $1 $11 34. Nh4 (34. Ne5 Qe6 $11) 34... Bxe4 (34... Qxc4 $2 35. Re7 $18) 35. Bxe4 Qxc4) 34. Rh4 $18 Kg8 35. Rxh6 ({Only move:} 35. Qe1 $1 $18 h5 36. b5) 35... Ne7 (35... Rd6 $16 {was called for.}) 36. Rh4 ({Better is} 36. Qe1 $1 $18 Qf7 (36... Bxh6 $2 37. Qxe7 Qxc1 38. Qxd8+ Bf8 39. Nxd4 $18) 37. Ng5) 36... Nf5 $16 37. Rg4 Rc8 38. Ba3 (38. Qg5 $1 $16 Qf7 39. Bd2) 38... Bxf3 (38... Qc2 $11 {remains equal.} 39. Qe1 (39. Rxg6 $2 Bxf3 40. Rxg7+ Nxg7 $19) 39... Ne3 40. Rxd4 (40. Rf4 $2 Qa2 $19) 40... Nxg2 (40... Bxd4 $2 41. Nxd4 Qc3 42. Qxc3 $18) 41. Qe6+ Kh8) 39. Bxf3 $16 Qc2 $1 40. Qe1 $1 Ne3 {[%emt 0:00:00] [#]} 41. Bd5+ $1 Kh7 (41... Nxd5 $2 {is the wrong capture.} 42. Qe6+ Kh8 43. Rh4+ $18 (43. Qxd5 $2 {too greedy.} Qxf2+ 44. Qg2 Qxg2+ 45. Kxg2 Rc3 $19) (43. Qxd5 $2 Qxf2+ 44. Qg2 Qxg2+ 45. Kxg2 d3 $19)) 42. Rh4+ Bh6 43. Be4 Qa2 44. Bg2 $2 {[%emt 0:07:51][%mdl 8192] [#]} (44. Bc1 $14 Rxc1 45. Qxc1 Qxf2+ 46. Kh1 Qxg3 47. Qg1 Qxg1+ (47... Qxh4 48. Qxg6+ Kh8 49. Qh7#) 48. Kxg1) 44... Rc2 $1 45. Bc1 Rxf2 46. Rxh6+ Kg7 ({Not} 46... Kxh6 47. Bxe3+ dxe3 48. Qxe3+ Kh7 49. Qe4 $17) 47. Rxg6+ Kxg6 48. Bxe3 Rxg2+ 0-1